 Dungeon Crawl Stone Soup version 0.26-a0-1050-gfd6a22a (webtiles) character file.

Game seed: 1805856244102244033

103343 Blackhawk the Warrior (level 15, -7/149 HPs)
             Began as a Minotaur Berserker on Dec 12, 2020.
             Was a High Priest of Trog.
             Mangled by a ten-headed hydra (9 damage)
             ... on level 15 of the Dungeon.
             The game lasted 00:46:02 (22558 turns).

Blackhawk the Warrior (Minotaur Berserker)         Turns: 22558, Time: 00:46:02

Health: -7/149     AC: 15    Str: 32    XL:     15   Next: 88%
Magic:  14/14      EV: 12    Int:  4    God:    Trog [*****.]
Gold:   1610       SH: 23    Dex:  6    Spells: 14/14 levels left

rFire    + . .     SeeInvis .   a - +8 quick blade (vorpal)
rCold    . . .     Faith    .   B - +3 kite shield {rN+}
rNeg     + + .     Spirit   .   S - +1 ring mail of Peek-a-Boo {rN+ Regen+ Str+5 Dex-5} (curse)
rPois    .         Reflect  +   W - +2 hat
rElec    .         Harm     .   l - scarf {+Inv}
rCorr    .         Rampage  .   (no gloves)
Will     +....                  (no boots)
Stlth    ..........             K - amulet of reflection
HPRegen  0.74/turn              H - +4 ring of protection
MPRegen  0.14/turn              Y - ring of protection from fire

@: studying Fighting
A: retaliatory headbutt, horns 2
a: Berserk, Trog's Hand, Brothers in Arms, Renounce Religion, Evoke Invisibility


You were on level 15 of the Dungeon.
You worshipped Trog.
Trog was extremely pleased with you.
You visited 3 branches of the dungeon, and saw 22 of its levels.

You collected 1646 gold pieces.
You spent 36 gold pieces at shops.

Inventory:

Hand Weapons
 a - a +8 vorpal quick blade (weapon)
 b - a +2 war axe of electrocution
 j - the +4 war axe of Trog's Scorn {flame, +Blink rElec rN+, unknown}
   (Trog gifted it to you on level 15 of the Dungeon)

   It has been specially enchanted to burn those struck by it, causing extra
   injury to most foes and up to half again as much damage against particularly
   susceptible opponents.
   Big, fiery blades are also staple armaments of hydra-hunters.
   It insulates you from electricity.
   It protects you from negative energy.
   It lets you blink.
 L - a +6 vampiric broad axe
 Z - a +3 spectral war axe
Missiles
 A - a throwing net
Armour
 l - a scarf of invisibility (worn)
 y - a +5 ring mail of cold resistance
 B - a +3 kite shield of positive energy (worn)
 S - the cursed +1 ring mail of Peek-a-Boo (worn) {rN+ Regen+ Str+5 Dex-5}
   (You found it on level 11 of the Dungeon)

   It affects your strength (+5).
   It affects your dexterity (-5).
   It protects you from negative energy.
   It increases your rate of regeneration.
   It has a curse placed upon it.
 W - a +2 hat (worn)
Jewellery
 o - the ring "Tam Ipra" {rC+ rN+ Will+ Str+6, unknown}
   (You found it on level 15 of the Dungeon)

   [ring of strength]

   It affects your strength (+6).
   It protects you from cold.
   It protects you from negative energy.
   It affects your willpower, your defense against some magical effects.
 H - a +4 ring of protection (left hand)
 I - the amulet of Budghilio {Acrobat +Blink}
   (You acquired it on level 4 of the Lair of Beasts)

   [amulet of the acrobat]

   It helps you evade while moving and waiting.
   It lets you blink.
 K - an amulet of reflection (around neck)
 T - a +4 ring of evasion {unknown}
 Y - a ring of protection from fire (right hand)
Wands
 d - a wand of flame (55)
 i - a wand of digging (1)
 k - a wand of paralysis (9)
 q - a wand of enslavement (7)
 x - a wand of disintegration (9)
 C - a wand of random effects (95)
 E - a wand of iceblast (35)
 N - a wand of acid (27)
 R - a wand of polymorph (9)
Scrolls
 c - 2 scrolls of summoning
 n - 18 scrolls of remove curse
 p - 2 scrolls of blinking
 z - 4 scrolls of teleportation
 G - a scroll of silence
 M - a scroll of brand weapon
 P - 7 scrolls of magic mapping
 V - 2 scrolls of fog
Potions
 e - 4 potions of heal wounds
 f - 4 potions of haste
 g - 7 potions of lignification
 h - a potion of cancellation
 m - 4 potions of attraction
 r - 3 potions of invisibility
 s - 2 potions of resistance
 t - 2 potions of degeneration
 v - 6 potions of curing
 w - 5 potions of might
 F - 2 potions of flight
 O - a potion of magic
 U - 2 potions of ambrosia
 X - 4 potions of mutation
Books
 u - a manual of Fighting
Miscellaneous
 Q - a box of beasts


   Skills:
 + Level 18.2 Fighting
 + Level 16.8 Axes
 + Level 16.5 Armour
 - Level 4.0 Dodging
 + Level 16.1 Shields


You had 14 spell levels left.
You didn't know any spells.
Your spell library was empty.

Dungeon Overview and Level Annotations

Branches:
Dungeon (15/15)            Temple (1/1) D:5            Lair (6/6) D:9
  Swamp (0/4) Lair:3        Snake (0/4) Lair:3        Slime (0/5) Lair:5
    Orc (0/2) D:9          Vaults (0/5) D:14
 Depths: D:15

Altars:
Makhleb
Nemelex Xobeh
Okawaru
Trog
Zin
The Shining One

Shops:
D:4 ?   D:7 [*?   D:8 (   D:11 !

Annotations:
D:14 24 runed doors
D:15 1 transporter, Kirke
Lair:6 3 exclusions


Innate Abilities, Weirdness & Mutations

You reflexively headbutt those who attack you in melee.
You have a pair of horns on your head.


Message History

The ten-headed hydra bites you but does no damage.
You block the ten-headed hydra's attack. x2
The ten-headed hydra bites you!
* * * LOW HITPOINT WARNING * * *
The ten-headed hydra completely misses you.
You puncture the ten-headed hydra! You headbutt the ten-headed hydra!
The ten-headed hydra is severely wounded.
You puncture the ten-headed hydra!
The ten-headed hydra is severely wounded.
You block the ten-headed hydra's attack. x3
The ten-headed hydra bites you.
* * * LOW HITPOINT WARNING * * *
The ten-headed hydra bites you.
* * * LOW HITPOINT WARNING * * *
The ten-headed hydra bites you.
* * * LOW HITPOINT WARNING * * *
The ten-headed hydra bites you!
* * * LOW HITPOINT WARNING * * *
The ten-headed hydra bites you!
You die...

#..#.......+
#........#.#
.#....^.#...+
.'....#..(..##
#..#........####### ..
#............#...|# ∩.
#........(...#...(# ≈
##...D.......'...## #
##.(.@......##..######
#.'...)#......#'###.⌠##
#..#.....#.......#)...##
.. ##'#.........)')...##
( (..#.....#....##...#.
..##......#....#'###.
[.# #....≈≈.#.......##
### ###..≈≈≈.#.......#
#.≈≈≈..........


You could see a ten-headed hydra.

Vanquished Creatures
  Rupert (D:15)
  The ghost of Voakhlei the Martial Artist, a journeyman MfTm of Kikubaaqudgha (Lair:4)
  An ettin (D:15)
  2 great orbs of eyes (D:15)
  2 yaktaur captains (D:15)
  Erolcha (D:11)
  4 vault guards
  5 hydras
  A boulder beetle (D:13)
  7 centaur warriors
  3 catoblepae
  Harold (D:8)
  6 two-headed ogres
  17 death yaks
  3 ogre magi
  2 deep troll shamans
  A tengu warrior (D:15)
  Sonja (D:12)
  A sixfirhy (D:13)
  A fire crab (D:15)
  2 bog bodies (Lair:3)
  A wizard (D:15)
  An unseen horror (D:13)
  2 lindwurms (Lair:6)
  7 ugly things
  2 deep elf magi
  2 cyclopes
  2 manticores
  A water nymph (shapeshifter) (D:15)
  34 elephants
  2 black mambas
  A gargoyle (D:13)
  10 cane toads
  3 kobold demonologists (D:15)
  A torpor snail (Lair:4)
  13 komodo dragons
  2 rime drakes
  3 tengu conjurers
  A freezing wraith (D:14)
  A meliai (D:14)
  5 trolls
  3 polar bears (Lair:6)
  24 blink frogs
  2 centaur simulacra (D:15)
  A redback (D:15)
  A vampire (D:9)
  8 wyverns
  3 shadows
  Grum (D:8)
  3 basilisks
  A wraith (D:15)
  56 yaks
  A hog (D:15)
  A warg (D:9)
  A harpy simulacrum (D:13)
  3 nagas (Lair:3)
  11 water moccasins
  Duvessa (D:4)
  2 acid dragons
  2 floating eyes (D:15)
  2 orc warriors
  Purgy (D:3)
  6 ice beasts
  6 sky beasts
  2 black bears
  5 phantoms
  31 wolves
  12 centaurs
  8 ogres
  An eye of draining (D:15)
  7 big kobolds
  19 bullfrogs
  Dowan (D:4)
  2 scorpions
  A wyvern skeleton (D:14)
  6 killer bees (D:12)
  5 wights (D:10)
  6 howler monkeys
  3 bullfrog zombies
  An electric eel (Lair:6)
  2 centaur zombies
  9 jellies
  A bullfrog skeleton (D:12)
  6 orc priests
  7 hounds
  7 orc wizards
  5 centaur skeletons
  5 iguanas
  10 worker ants
  A killer bee zombie (D:8)
  Robin (D:2)
  A worker ant zombie (D:5)
  12 adders
  2 river rats (D:4)
  3 shadow imps
  4 white imps
  An ufetubus (D:5)
  2 oozes (Lair:5)
  An adder skeleton (D:7)
  An adder zombie (D:6)
  5 worms
  6 dart slugs
  4 leopard geckos
  34 orcs
  2 ball pythons
  4 giant cockroaches
  15 goblins
  10 hobgoblins
  18 jackals
  5 quokkas
  6 bats
  3 frilled lizards
  A jackal skeleton (D:8)
  40 kobolds
  A leopard gecko skeleton (D:4)
  2 quokka skeletons
  8 rats
652 creatures vanquished.

Vanquished Creatures (collateral kills)
  The ghost of Viskuf the Slicer, a journeyman KoBe of Trog (Lair:4)
  The ghost of Viskuf the Slicer, a journeyman KoBe of Trog (Lair:4)
  A death yak (D:9)
  A black mamba (Lair:6)
  A basilisk (D:9)
  A black bear (D:9)
6 creatures vanquished.

Vanquished Creatures (others)
  An orc wizard (D:3)
  A bush (Lair:6)
  44 fungi
  62 plants
108 creatures vanquished.

Grand Total: 766 creatures vanquished

Notes
Turn   | Place    | Note
-------+----------+-------------------------------------------
     0 | D:1      | Blackhawk the Minotaur Berserker began the quest for the
                  | Orb.
     0 | D:1      | Reached XP level 1. HP: 19/19 MP: 0/0
   277 | D:1      | Reached XP level 2. HP: 27/27 MP: 1/1
   659 | D:1      | Reached ** piety under Trog
   678 | D:1      | Reached skill level 4 in Fighting
   893 | D:2      | Reached XP level 3. HP: 33/33 MP: 2/2
   945 | D:2      | Noticed Robin
   957 | D:2      | Killed Robin
   958 | D:2      | Reached XP level 4. HP: 35/40 MP: 3/3
  1563 | D:3      | Reached XP level 5. HP: 21/47 MP: 4/4
  1803 | D:3      | Reached *** piety under Trog
  1877 | D:3      | Noticed Purgy
  1885 | D:3      | Killed Purgy
  1886 | D:3      | Reached skill level 5 in Fighting
  1886 | D:3      | Reached skill level 5 in Axes
  1886 | D:3      | Reached XP level 6. HP: 42/56 MP: 5/5
  2194 | D:3      | Reached skill level 1 in Shields
  2825 | D:4      | Lost intelligence.
  2864 | D:4      | Noticed Dowan
  2865 | D:4      | Noticed Duvessa
  2883 | D:4      | Killed Duvessa
  2884 | D:4      | Reached skill level 5 in Armour
  2884 | D:4      | Reached XP level 7. HP: 40/62 MP: 6/6
  2885 | D:4      | Killed Dowan
  3503 | D:4      | Reached skill level 6 in Fighting
  3673 | D:4      | Found Saxton's Magic Scroll Shop.
  3680 | D:4      | Bought a scroll of remove curse for 36 gold pieces
  3952 | D:5      | Entered Level 5 of the Dungeon
  3952 | D:5      | Found a staircase to the Ecumenical Temple.
  3992 | Temple   | Entered the Ecumenical Temple
  4063 | D:5      | Reached **** piety under Trog
  4736 | D:6      | Found an iron altar of Okawaru.
  4889 | D:6      | Reached XP level 8. HP: 68/71 MP: 7/7
  5061 | D:6      | Found a sparkling altar of Nemelex Xobeh.
  5162 | D:6      | Reached skill level 7 in Fighting
  5509 | D:7      | Found Aqye's Assorted Antiques.
  5552 | D:7      | Reached skill level 5 in Shields
  5998 | D:7      | Found Enoll's Magic Scroll Emporium.
  6051 | D:7      | Reached XP level 9. HP: 81/81 MP: 8/8
  6142 | D:7      | Found Focust's Armour Shoppe.
  6239 | D:8      | Reached skill level 8 in Fighting
  6723 | D:8      | Found Ehitam's Weapon Emporium.
  6865 | D:8      | Found a bloodstained altar of Trog.
  6901 | D:8      | Noticed Harold
  6909 | D:8      | Killed Harold
  6910 | D:8      | Reached skill level 9 in Fighting
  6933 | D:8      | HP: 4/83 [something (6)]
  7319 | D:8      | Reached XP level 10. HP: 91/91 MP: 9/9
  7499 | D:8      | Noticed Grum
  7513 | D:8      | Killed Grum
  7516 | D:8      | Reached ***** piety under Trog
  8012 | D:9      | Found a staircase to the Lair.
  8012 | D:9      | Noticed a death yak
  8027 | D:9      | Killed a death yak
  8339 | D:9      | Reached skill level 10 in Axes
  8345 | D:9      | Reached skill level 10 in Fighting
  8688 | D:9      | Found a staircase to the Orcish Mines.
  8924 | D:9      | Noticed a two-headed ogre
  8929 | D:9      | Killed a two-headed ogre
  8930 | D:9      | Reached skill level 10 in Armour
  9473 | D:9      | Found a glowing golden altar of the Shining One.
  9503 | D:10     | Entered Level 10 of the Dungeon
  9691 | D:10     | Noticed a catoblepas
  9865 | D:10     | Killed a catoblepas
  9866 | D:10     | Reached XP level 11. HP: 89/101 MP: 10/10
  9930 | D:10     | Received a gift from Trog
 10576 | D:10     | Reached skill level 11 in Fighting
 10943 | D:11     | Found Lugoo's Distillery.
 11064 | D:11     | Noticed Erolcha
 11072 | D:11     | Killed Erolcha
 11073 | D:11     | Reached skill level 10 in Shields
 11455 | D:11     | Got a distressingly furry ring mail
 11522 | D:11     | Identified the cursed +1 ring mail of Peek-a-Boo {rN+
                  | Regen+ Str+5 Dex-5} (You found it on level 11 of the
                  | Dungeon)
 11691 | D:12     | Noticed a two-headed ogre
 11701 | D:12     | Killed a two-headed ogre
 11745 | D:12     | Noticed Sonja
 11757 | D:12     | Killed Sonja
 12144 | D:12     | Noticed a green ugly thing
 12152 | D:12     | Killed a green ugly thing
 12153 | D:12     | Reached skill level 12 in Fighting
 12393 | D:13     | Noticed a centaur warrior
 12402 | D:13     | Killed a centaur warrior
 12403 | D:13     | Reached XP level 12. HP: 92/112 MP: 7/11
 12489 | D:13     | Noticed a boulder beetle
 12522 | D:13     | Killed a boulder beetle
 12694 | D:13     | Noticed a four-headed hydra
 12732 | D:12     | Killed an eight-headed hydra
 12872 | D:13     | Found a runed translucent door.
 12876 | D:13     | Noticed a two-headed ogre
 12889 | D:13     | Killed a two-headed ogre
 13015 | D:13     | Noticed a centaur warrior
 13027 | D:13     | Killed a centaur warrior
 13187 | D:13     | Received a gift from Trog
 13308 | D:13     | Noticed a centaur warrior
 13319 | D:13     | Killed a centaur warrior
 13320 | D:13     | Reached skill level 13 in Fighting
 13551 | D:14     | Noticed a two-headed ogre
 13560 | D:14     | Killed a two-headed ogre
 13725 | D:14     | Found a huge runed gate.
 13725 | D:14     | Found a huge runed gate.
 13727 | D:14     | Found a huge runed gate.
 13727 | D:14     | Found a huge runed gate.
 13731 | D:14     | Found a huge runed gate.
 13731 | D:14     | Found a huge runed gate.
 13732 | D:14     | Found a huge runed gate.
 13734 | D:14     | Found a huge runed gate.
 13734 | D:14     | Found a huge runed gate.
 13734 | D:14     | Found a huge runed gate.
 13735 | D:14     | Found a huge runed gate.
 13736 | D:14     | Found a huge runed gate.
 13737 | D:14     | Found a huge runed gate.
 13742 | D:14     | Found a huge runed gate.
 13742 | D:14     | Found a huge runed gate.
 13742 | D:14     | Found a huge runed gate.
 13742 | D:14     | Found a huge runed gate.
 13746 | D:14     | Found a huge runed gate.
 13751 | D:14     | Found a huge runed gate.
 13752 | D:14     | Found a huge runed gate.
 13753 | D:14     | Found a huge runed gate.
 13756 | D:14     | Found a huge runed gate.
 13756 | D:14     | Found a huge runed gate.
 13757 | D:14     | Found a huge runed gate.
 13871 | D:14     | Reached XP level 13. HP: 122/122 MP: 12/12
 13899 | D:14     | Found a gate to the Vaults.
 14807 | Lair:1   | Entered Level 1 of the Lair of Beasts
 15569 | Lair:2   | Reached skill level 14 in Fighting
 15570 | Lair:2   | Received a gift from Trog
 16406 | Lair:3   | Found a staircase to the Swamp.
 16523 | Lair:3   | Found a staircase to the Snake Pit.
 17219 | Lair:4   | Reached XP level 14. HP: 133/133 MP: 13/13
 17222 | Lair:4   | Found a glowing silver altar of Zin.
 17383 | Lair:4   | Identified a scroll of acquirement
 17383 | Lair:4   | Acquired the amulet of Budghilio {Acrobat +Blink}
 17949 | Lair:4   | Found a runed translucent gate.
 17949 | Lair:4   | Found a runed translucent gate.
 17950 | Lair:4   | Found a runed translucent gate.
 17953 | Lair:4   | Noticed Viskuf's ghost (journeyman KoBe)
 17953 | Lair:4   | Noticed Voakhlei's ghost (journeyman MfTm)
 17953 | Lair:4   | Noticed Viskuf's ghost (journeyman KoBe)
 18146 | Lair:4   | Killed Voakhlei's ghost
 18152 | Lair:4   | Killed Viskuf's ghost
 18172 | Lair:4   | HP: 6/133 [Viskuf's ghost (12)]
 18200 | Lair:4   | Killed Viskuf's ghost
 18730 | Lair:5   | Reached skill level 15 in Axes
 18782 | Lair:5   | Reached skill level 15 in Fighting
 18822 | Lair:5   | Found a staircase to the Slime Pits.
 19122 | Lair:5   | Acquired a manual of Fighting
 19154 | Lair:6   | Entered Level 6 of the Lair of Beasts
 19211 | Lair:5   | Reached skill level 15 in Armour
 19456 | Lair:6   | Received a gift from Trog
 19720 | Lair:6   | Reached skill level 16 in Fighting
 19808 | Lair:6   | Reached skill level 15 in Shields
 20057 | Lair:6   | Reached XP level 15. HP: 135/145 MP: 14/14
 20494 | Lair:6   | Reached skill level 17 in Fighting
 21039 | Lair:6   | Identified the +8 war axe "Kuzeuwk Mini" {drain, Str+4}
                  | (You found it on level 6 of the Lair of Beasts)
 21318 | D:15     | Entered Level 15 of the Dungeon
 21389 | D:15     | Received a gift from Trog
 21397 | D:15     | Got a bloodstained war axe {god gift}
 21451 | D:15     | Found an iron altar of Okawaru.
 21578 | D:15     | Noticed Kirke
 21581 | D:15     | Noticed Rupert
 21862 | D:15     | Found the +6 lightning scales {run, rElec}
 22102 | D:15     | Paralysed by a floating eye for 2 turns
 22132 | D:15     | Found a burning altar of Makhleb.
 22229 | D:15     | Found a transporter.
 22247 | D:15     | Got a fine tin ring
 22355 | D:15     | Reached skill level 18 in Fighting
 22370 | D:15     | Killed Rupert
 22558 | D:15     | HP: 2/149 [ten-headed hydra (13)]
 22558 | D:15     | Mangled by a ten-headed hydra

Illustrated notes

Levels and vault maps discovered:
D:1:      dpeg_arrival_arbitrary_b, layout_basic
D:2:      layout_loops_ring, uniq_robin
D:3:      layout_loops_corners, uniq_purgy
D:4:      layout_loops_ring, portal_sewer_entry_e, serial_shops, shop_statue,
          uniq_duvessa
D:5:      layout_loops_ring, minmay_temple_entry_arrows, minmay_holes,
          kennysheep_generic_room_4
D:6:      layout_loops_cross, basic_altar, hangedman_abyss_or_decor_lesser_grid,
          nemelex_spade_bored_becter
D:7:      layout_rooms, serial_shops, shop, kennysheep_mini,
          nicolae_shop_behind_doors, chequers_serial_rivers_small_a
D:8:      layout_loops_ring, serial_shops, shop, trog_three_pillars_becter,
          uniq_harold, uniq_grum
D:9:      layout_stronghold, tso_oasis_becter, david_lair_generic, david_orc_3
D:10:     layout_basic
D:11:     layout_long_grid, serial_shops, shop_fountains, uniq_erolcha
D:12:     layout_basic, uniq_sonja
D:13:     cheibrodos_shockbox, layout_cross
D:14:     layout_stronghold, david_vaults_2, minmay_staircase_windowed_large,
          minivault_22, minivault_24, not_door_vault_due
D:15:     hangedman_spin_cycle, uniq_rupert
Temple:   roderic_octagonal_lattice_temple
Lair:1:   layout_big_grid, minmay_stone_trees_large,
          cheibrodos_lair_caveside_slide, minivault_19,
          eino_small_chamber_without_monster
Lair:2:   layout_long_grid, serial_bayou_ford_a
Lair:3:   layout_cave_shapes, skrybe_swamp_entry_bodies,
          minmay_snake_entry_guardpost_small, lemuel_fruit_fields,
          infiniplex_staircase_pool
Lair:4:   layout_layer_cave, basic_altar, gammafunk_ghost_cemetery
Lair:5:   layout_long_grid, nicolae_slime_entry_slimehenge
Lair:6:   grunt_lair_end_beastmaster, layout_gridlike

Skill      XL: |  1  2  3  4  5  6  7  8  9 10 11 12 13 14 15 |
---------------+----------------------------------------------+-----
Fighting       | 4 5 6 7 9 10 12 13 14 16 18 | 18.2
Axes           | 4 5 6 7 9 10 12 13 14 15 16 | 16.8
Armour         | 3 4 5 6 7 9 10 11 13 14 15 16 | 16.5
Dodging        | 3 4 |  4.0
Shields        | 2 3 5 7 9 11 12 13 15 16 | 16.1

Action                   |  1- 3 |  4- 6 |  7- 9 | 10-12 | 13-15 || total
-------------------------+-------+-------+-------+-------+-------++-------
Melee: Hand axe          |    64 |   166 |   309 |       |       ||   539
       Headbutt          |    13 |    25 |    68 |    83 |   215 ||   404
       War axe           |       |       |    76 |   451 |   819 ||  1346
       Quick blade       |       |       |       |       |    31 ||    31
Invok: Berserk           |       |     1 |     1 |     6 |     6 ||    14
       Trog's Hand       |       |       |       |     3 |     3 ||     6
       Brothers in Arms  |       |       |       |     2 |     2 ||     4
  Use: Scroll            |       |     5 |     6 |     6 |    23 ||    40
       Potion            |       |       |     1 |       |     3 ||     4
 Stab: Sleeping          |     1 |       |       |       |       ||     1
       Petrified         |       |       |       |       |     1 ||     1
Armor: Animal skin       |     6 |       |       |       |       ||     6
       Plate armour      |    20 |   117 |   175 |   135 |       ||   447
       Ring mail         |       |       |       |   130 |   268 ||   398
Dodge: Dodged            |    31 |    67 |   112 |   207 |   308 ||   725
Block: Buckler           |       |    24 |   129 |   172 |   443 ||   768
       Reflection        |       |       |       |       |    13 ||    13
       Kite shield       |       |       |       |       |    48 ||    48

Table legend: (Time is in decaauts)
 A = Elapsed time spent in this place.
 B = Non-inter-level travel time spent in this place.
 C = Inter-level travel time spent in this place.
 D = Time resting spent in this place.
 E = Time spent auto-exploring this place.
 F = Levels seen in this place.
 G = Mean time per level.
                   A        B        C        D        E       F      G
               +--------+--------+--------+--------+--------+-----+--------+
         Total |  22907 |  22049 |    858 |   2070 |  16217 |  22 | 1041.2 |
       Dungeon |  16637 |  16090 |    547 |   1736 |  11679 |  15 | 1109.1 |
        Temple |      1 |      1 |      0 |      0 |      0 |   1 |    1.0 |
          Lair |   6269 |   5959 |    310 |    334 |   4537 |   6 | 1044.8 |
               +--------+--------+--------+--------+--------+-----+--------+

Top non-repeatable levels by time:
  Lair:6: 1779 daAuts
     D:9: 1775 daAuts
     D:4: 1666 daAuts
    D:14: 1479 daAuts
     D:8: 1430 daAuts
  Lair:4: 1248 daAuts
    D:10: 1168 daAuts
    D:13: 1112 daAuts
    D:11: 1042 daAuts
     D:3: 977 daAuts
  Lair:3: 970 daAuts
     D:6: 929 daAuts
    D:12: 899 daAuts
     D:1: 889 daAuts
  Lair:2: 888 daAuts
